General information
			
			
        
        - name: iflx1
 
        - type: Custom game
 
        - host: inFLuX]WisheS
 
        - saver: timg4strOK
 
        
map: TerenasStand 
        - players: 7
 
        - length: 21:32
 
        - speed: Fast
 - version: 1.22 W3XP
 - replay type:  

 
» download(107 KB)
Players
        team 1 (loser) 
              
              
inFLuX]WisheS (
purple | 200 APM | 4300 actions | 21:31)
              
 3 Goblin Alchemist 
 2 Acid Bomb
 1 Healing Spray
 3 Pandaren Brewmaster 
 2 Breath of Fire
 1 Drunken Haze
 
                » actions 
                
                | Assign group hotkey | 36 |  | 
| Basic commands | 348 |  | 
| Build / train | 67 |  | 
| Enter build submenu | 15 |  | 
| Enter hero's abilities submenu | 6 |  | 
| Give item / drop item | 4 |  | 
| Right click | 904 |  | 
| Select / deselect | 263 |  | 
| Select group hotkey | 2559 |  | 
| Use ability | 98 |  | 
                4300 total
 » units 
                
                | Wisp | 23 |  | 
| Huntress | 7 |  | 
| Dryad | 5 |  | 
| Druid of the Claw | 8 |  | 
                43 total
 » upgrades
                
                | Druid of the Claw Training | 2 |  | 
| Abolish Magic | 1 |  | 
| Mark of the Claw | 1 |  | 
                4 total
 » buildings
                
                | Moon Well | 6 |  | 
| Altar of Elders | 1 |  | 
| Hunter's Hall | 1 |  | 
| Ancient of War | 1 |  | 
| Tree of Ages | 3 |  | 
| Ancient of Lore | 3 |  | 
| Tree of Eternity | 1 |  | 
| Tree of Life | 1 |  | 
| Ancient of Wonders | 1 |  | 
                18 total
 » build order
                00:06 Moon Well
01:13 Altar of Elders
01:25 Hunter's Hall
01:28 Ancient of War
01:47 Moon Well
02:47 Tree of Ages
02:47 Tree of Ages
02:47 Tree of Ages
03:48 Moon Well
05:38 Ancient of Lore
05:41 Ancient of Lore
05:42 Ancient of Lore
07:16 Tree of Eternity
09:14 Moon Well
13:36 Tree of Life
14:08 Moon Well
17:50 Ancient of Wonders
17:56 Moon Well
» items
                
                | Boots of Speed | 2 |  | 
| Potion of Lesser Invulnerability | 1 |  | 
| Scroll of Town Portal | 1 |  | 
| Potion of Healing | 1 |  | 
| Orb of Venom | 3 |  | 
                8 total
  
               team 2 (winner) 
              
              
CuteGirl90 (
red | 248 APM | 5346 actions | 21:32)
              
 5 Death Knight 
 3 Death Coil
 2 Unholy Aura
 3 Lich 
 2 Frost Nova
 1 Dark Ritual
 
                » actions 
                
                | Assign group hotkey | 59 |  | 
| Basic commands | 101 |  | 
| Build / train | 102 |  | 
| Enter build submenu | 24 |  | 
| Enter hero's abilities submenu | 8 |  | 
| Give item / drop item | 6 |  | 
| Remove unit from queue | 19 |  | 
| Right click | 1948 |  | 
| Select / deselect | 582 |  | 
| Select group hotkey | 2340 |  | 
| Use ability | 156 |  | 
                5346 total
 » units 
                
                | Acolyte | 9 |  | 
| Ghoul | 25 |  | 
| Obsidian Statue | 2 |  | 
| Abomination | 3 |  | 
| Frost Wyrm | -2 |  | 
| Meatwagon | 1 |  | 
                38 total
 » upgrades
                
                | Disease Cloud | 1 |  | 
| Destroyer Form | 1 |  | 
| Freezing Breath | 0 |  | 
                2 total
 » buildings
                
                | Crypt | 2 |  | 
| Ziggurat | 8 |  | 
| Altar of Darkness | 1 |  | 
| Tomb of Relics | 1 |  | 
| Graveyard | 1 |  | 
| Halls of the Dead | 6 |  | 
| Spirit Tower | 5 |  | 
| Slaughterhouse | 3 |  | 
| Black Citadel | 2 |  | 
| Sacrificial Pit | 1 |  | 
| Boneyard | 1 |  | 
                31 total
 » build order
                00:07 Crypt
00:10 Crypt
00:11 Ziggurat
00:49 Altar of Darkness
01:09 Ziggurat
01:42 Tomb of Relics
02:15 Graveyard
03:26 Halls of the Dead
03:26 Halls of the Dead
03:26 Halls of the Dead
04:19 Ziggurat
05:35 Spirit Tower
06:12 Spirit Tower
06:12 Spirit Tower
07:26 Slaughterhouse
07:30 Slaughterhouse
07:53 Black Citadel
08:11 Slaughterhouse
09:29 Ziggurat
11:02 Sacrificial Pit
14:47 Boneyard
15:36 Ziggurat
15:40 Ziggurat
16:22 Ziggurat
16:23 Ziggurat
» items
                
                | Rod of Necromancy | 1 |  | 
| Dust of Appearance | 3 |  | 
| Orb of Corruption | 3 |  | 
| Potion of Healing | 2 |  | 
| Scroll of Healing | 2 |  | 
                11 total
  
               observersaTr.holYHumAN, 
GGL_PLZ, 
FarSeeR, 
Rush[yyz], 
timg4strOK Chat log
          (00:09 / Observers) timg4strOK: is wishes good.
(00:13 / Observers) FarSeeR: hes k
(00:15 / Observers) Rush[yyz]: me tinks
(00:16 / All) inFLuX]WisheS: mmm baby
(00:19 / All) inFLuX]WisheS: this my new strat
(00:21 / Observers) aTr.holYHumAN: ggl_plz is so newb
(00:24 / All) inFLuX]WisheS: mass aow
(00:25 / All) inFLuX]WisheS: rush
(00:26 / Observers) aTr.holYHumAN: fucking shit talks hard
(00:27 / All) inFLuX]WisheS: its sick
(00:30 / Observers) aTr.holYHumAN: now mass pings
(00:37 / Observers) timg4strOK:  /hideminimapsignals
(00:39 / Observers) GGL_PLZ: 1v1 me
(00:41 / Observers) GGL_PLZ: human
(00:43 / All) CuteGirl90: ull need massive luck
(00:45 / Observers) aTr.holYHumAN: yeah i know
(00:45 / Observers) GGL_PLZ: u fucking noob
(00:47 / Observers) aTr.holYHumAN: okay newb
(00:47 / All) CuteGirl90: to pull that off
(00:48 / Observers) Rush[yyz]: i heard if you ping in obs games you have aids~
(00:49 / Observers) aTr.holYHumAN: you suck ass
(00:51 / Observers) aTr.holYHumAN: you jsut wcg
(00:52 / Observers) aTr.holYHumAN: abuse
(00:52 / Observers) GGL_PLZ: 1v1
(00:56 / Observers) GGL_PLZ: qvq
(00:56 / Observers) aTr.holYHumAN: I SAID OKAY
(00:58 / Observers) aTr.holYHumAN: you fuck
(00:58 / All) inFLuX]WisheS: yeah right dude
(01:01 / Observers) GGL_PLZ: 1v1
(01:02 / Observers) GGL_PLZ: 1v1
(01:07 / All) inFLuX]WisheS: u dont understand
(01:09 / All) inFLuX]WisheS: how good i be
(01:11 / Observers) GGL_PLZ: this a trash game
(01:14 / Observers) aTr.holYHumAN: you're trash
(01:16 / Observers) Rush[yyz]: whats tourney today?
(01:19 / All) inFLuX]WisheS: rofl
(01:21 / All) inFLuX]WisheS: 1 nerd down
(01:22 / Observers) FarSeeR: 2v2
(01:25 / Observers) Rush[yyz]: meep
(01:26 / Observers) FarSeeR: standard
(01:45 / Observers) aTr.holYHumAN: hmm
(01:51 / Observers) aTr.holYHumAN: we've played before rush A_A
(02:01 / All) inFLuX]WisheS: sup nig
(02:01 / Observers) aTr.holYHumAN: actually.. my last game was with you
(02:03 / Observers) aTr.holYHumAN: then comp blew up
(02:07 / Observers) Rush[yyz]: ;o
(02:09 / All) CuteGirl90: lol
(02:10 / Observers) aTr.holYHumAN: on laptop now
(02:16 / All) inFLuX]WisheS: ur scout
(02:18 / All) inFLuX]WisheS: moved to the beat
(02:20 / All) CuteGirl90: u crack me up
(02:20 / All) inFLuX]WisheS: of my song
(02:21 / All) inFLuX]WisheS: omg
(02:26 / All) CuteGirl90: for realz?
(02:40 / Observers) timg4strOK: jay got a ghoul
(02:41 / Observers) timg4strOK: chilling
(02:48 / Observers) Rush[yyz]: what do you think of that base timg
(02:55 / Observers) timg4strOK: i think it's gay
(02:57 / Observers) timg4strOK: because ud is gay
(03:02 / Observers) Rush[yyz]: like uh if he went warden
(03:55 / Observers) timg4strOK: hunts against ud
(03:59 / Observers) timg4strOK: man
(04:02 / Observers) aTr.holYHumAN: he's dumb
(04:48 / Observers) aTr.holYHumAN: who is red
(04:48 / Observers) aTr.holYHumAN: ak
(04:50 / Observers) aTr.holYHumAN: aka*
(04:53 / Observers) timg4strOK: ipractice2suck
(04:55 / Observers) FarSeeR: ipractice2suck
(05:00 / Observers) FarSeeR: rank1
(05:02 / Observers) FarSeeR: solo
(05:04 / Observers) aTr.holYHumAN: lol
(05:08 / Observers) FarSeeR: wishes is like
(05:09 / Observers) aTr.holYHumAN: purple is dumb
(05:10 / Observers) FarSeeR: 8
(05:11 / Observers) FarSeeR: th
(05:42 / Observers) FarSeeR: we will see
(05:45 / Observers) timg4strOK: not even a cold tower dang
(06:09 / Observers) FarSeeR: shit its over
(06:15 / Observers) timg4strOK: if jay pumps gargs
(06:18 / Observers) timg4strOK: he can still get this
(06:31 / Observers) Rush[yyz]: ud base is too gay
(06:34 / Observers) timg4strOK: yeah
(06:35 / Observers) timg4strOK: seriously
(06:36 / Observers) Rush[yyz]: cant....end....game
(06:40 / Observers) timg4strOK: ud base is going to win this alone
(06:45 / Observers) timg4strOK: his ghouls not even doing anything
(06:47 / Observers) Rush[yyz]: like everytime you match ud its like
(06:49 / Observers) Rush[yyz]: ah 30 min game
(06:51 / Observers) Rush[yyz]: my fav
(07:01 / Observers) FarSeeR: gg panda
(07:16 / Observers) timg4strOK: its daytime
(07:19 / Observers) FarSeeR: thats pointless
(07:34 / All) inFLuX]WisheS: damn
(07:37 / All) inFLuX]WisheS: ive never done that
(07:38 / All) inFLuX]WisheS: before
(07:41 / All) inFLuX]WisheS: that was pretty good
(07:59 / Observers) aTr.holYHumAN: does wishes know it's ip2s?
(08:01 / All) CuteGirl90: panda hunt
(08:05 / All) CuteGirl90: of coarse ur gonna acol kill
(08:09 / Observers) FarSeeR: yea
(08:12 / Observers) FarSeeR: he should
(08:26 / Observers) timg4strOK: no lich what the heck
(09:12 / Observers) aTr.holYHumAN: did he ever get zeplin items
(09:15 / Observers) timg4strOK: n
(09:24 / Observers) timg4strOK: mantle
(09:27 / Observers) timg4strOK: and something else
(09:30 / Observers) aTr.holYHumAN: ya
(10:06 / Observers) aTr.holYHumAN: tomes are for newbs
(10:21 / Observers) timg4strOK: agi is worst tome for dk
(10:33 / Observers) aTr.holYHumAN: i'd still at least get it
(10:34 / Observers) aTr.holYHumAN: t.t
(10:37 / Observers) timg4strOK: yeah so would i
(11:21 / Observers) FarSeeR: just ff alchy
(11:26 / Observers) FarSeeR: gg
(11:32 / Observers) Rush[yyz]: alchy is such a good hero
(11:33 / Observers) Rush[yyz]: .......
(11:38 / Observers) timg4strOK: not at level 2 lmao
(11:58 / Observers) FarSeeR: i saw qazzi go alch
(11:59 / Observers) FarSeeR: vs
(12:00 / Observers) FarSeeR: dh
(12:03 / Observers) FarSeeR: wooped its ass
(12:05 / Observers) FarSeeR: chem rage
(12:15 / Observers) timg4strOK: where is nova
(12:23 / Observers) FarSeeR: he used
(12:27 / Observers) timg4strOK: yeah 
(12:53 / Observers) timg4strOK: no ghouls on wood
(13:05 / All) inFLuX]WisheS: sigh
(13:05 / All) inFLuX]WisheS: rofl
(13:17 / Observers) timg4strOK: jay
(13:17 / Observers) aTr.holYHumAN: lol
(13:17 / Observers) FarSeeR: LOL
(13:17 / Observers) timg4strOK: lmao
(13:20 / Observers) FarSeeR: wow
(13:25 / Observers) timg4strOK: toxp
(13:27 / Observers) aTr.holYHumAN: haha!
(13:27 / Observers) timg4strOK: sweet
(13:33 / Observers) timg4strOK: id lose a hero for that any day
(13:39 / Observers) FarSeeR: that was to much lol
(13:40 / Observers) aTr.holYHumAN: i'd rather not lose hero
(13:41 / Observers) FarSeeR: still
(13:42 / Observers) aTr.holYHumAN: and give to lich
(13:43 / Observers) FarSeeR: he didnt have to
(13:50 / Observers) FarSeeR: could have just b lich
(13:52 / Observers) FarSeeR: dk can tank
(14:01 / Observers) timg4strOK: i dont think he was paying attention
(14:06 / Observers) aTr.holYHumAN: prolly not
(14:10 / Observers) aTr.holYHumAN: messing with crypt for ghouls
(14:11 / Observers) aTr.holYHumAN: maybe
(14:15 / Observers) aTr.holYHumAN: for wood
(14:19 / Observers) FarSeeR: hot key
(14:22 / Observers) FarSeeR: rax
(14:29 / Observers) FarSeeR: hotkey
(14:32 / Observers) aTr.holYHumAN: but wasn't watching
(14:34 / Observers) aTr.holYHumAN: so assumed at base
(14:40 / Observers) FarSeeR: i think
(14:42 / Observers) FarSeeR: he thought
(14:43 / Observers) FarSeeR: that
(14:46 / Observers) FarSeeR: lich
(14:49 / Observers) FarSeeR: wouldnt die
(14:51 / Observers) FarSeeR: b4 he got
(14:54 / Observers) FarSeeR: the cc
(15:07 / Observers) aTr.holYHumAN: that's weird cause the whole time i though
(15:10 / Observers) aTr.holYHumAN: "gg lich"
(15:17 / Observers) aTr.holYHumAN: oh well
(15:18 / Observers) FarSeeR: lvl 5 dk
(15:19 / Observers) FarSeeR: is gg
(15:43 / Observers) timg4strOK: too many bears
(15:49 / Observers) timg4strOK: if he had like twice the dryads he could win
(16:02 / Observers) FarSeeR: where is his
(16:04 / Observers) FarSeeR: portal
(16:05 / Observers) FarSeeR: staf
(16:07 / Observers) FarSeeR: thing
(16:12 / Observers) FarSeeR: fucking
(16:14 / Observers) aTr.holYHumAN: lol lich
(16:16 / Observers) FarSeeR: noob dosent have shop
(16:53 / Observers) FarSeeR: hmm
(16:54 / Observers) FarSeeR: still
(16:54 / Observers) FarSeeR: has
(16:56 / Observers) FarSeeR: full
(16:56 / Observers) aTr.holYHumAN: strange
(17:07 / Observers) FarSeeR: he didnt get 50/70
(17:14 / Observers) FarSeeR: that was pointless
(17:16 / Observers) aTr.holYHumAN: yeah
(17:26 / Observers) FarSeeR: omg
(17:39 / Observers) FarSeeR: fucking nubbed that shit
(17:55 / Observers) FarSeeR: but
(17:58 / Observers) Rush[yyz]: hardcore banking
(18:00 / Observers) Rush[yyz]: by jay
(18:00 / Observers) Rush[yyz]: ;/
(18:09 / Observers) timg4strOK: no armor upgrade
(18:11 / Observers) timg4strOK: wyrm gonna die so fast
(18:28 / Observers) FarSeeR: only6 dry
(18:28 / All) inFLuX]WisheS: u didnt bank
(18:30 / All) inFLuX]WisheS: at 50
(18:30 / All) inFLuX]WisheS: ?
(18:42 / All) CuteGirl90: ur expoing
(18:45 / All) CuteGirl90: im breaking to push
(18:49 / Observers) Rush[yyz]: ol
(19:20 / All) inFLuX]WisheS: one of the stupider
(19:21 / All) inFLuX]WisheS: things
(19:23 / All) inFLuX]WisheS: ive ever heard
(19:24 / Observers) FarSeeR: should get 1 wagon
(19:28 / All) CuteGirl90: Well see
(19:40 / Observers) aTr.holYHumAN: did he forgot aco at mine
(19:46 / Observers) aTr.holYHumAN: not haunting
(19:47 / Observers) aTr.holYHumAN: T_T
(19:49 / Observers) FarSeeR: hes using
(19:50 / Observers) FarSeeR: gold
(19:51 / Observers) FarSeeR: for
(20:02 / Observers) FarSeeR: somthing
(20:04 / Observers) FarSeeR: lol
(20:10 / Observers) aTr.holYHumAN: lol :P
(20:14 / Observers) FarSeeR: no tp....
(20:15 / Observers) FarSeeR: for red
(20:50 / Observers) aTr.holYHumAN: gg
(21:26 / All) inFLuX]WisheS: now that was just
(21:28 / All) inFLuX]WisheS: pure imbalance
(21:30 / All) CuteGirl90: And good night